 Dungeon Crawl Stone Soup version 0.24-a0-230-g536ed4e (webtiles) character file.

Game seed: 5266844295037742927

128 silenth the Twirler (level 4, -1/35 HPs)
             Began as a Demonspawn Gladiator on Apr 3, 2019.
             Slain by an orc wizard
             ... wielding a +1 dagger of holy wrath
              (2 damage)
             ... on level 3 of the Dungeon.
             The game lasted 00:04:29 (2734 turns).

silenth the Twirler (Demonspawn Gladiator)          Turns: 2734, Time: 00:04:29

Health: -1/35      AC:  6    Str: 14    XL:     4   Next: 87%
Magic:  4/4        EV: 17    Int:  9    God:
Gold:   125        SH:  0    Dex: 16    Spells: 3/3 levels left

rFire    . . .     SeeInvis .   a - +0 quarterstaff
rCold    . . .     Gourm    .   (shield currently unavailable)
rNeg     . . .     Faith    .   b - +0 leather armour
rPois    .         Spirit   .   c - +0 helmet
rElec    .         Reflect  .   (no cloak)
rCorr    .         Harm     .   m - +1 pair of gloves
MR       .....                  (no boots)
Stlth    +.........             (no amulet)
HPRegen  0.11/turn              h - +4 ring of evasion
MPRegen  0.09/turn              (no ring)

@: confused
A: powered by death 1
a: no special abilities


You were on level 3 of the Dungeon.
You were not hungry.

You visited 1 branch of the dungeon, and saw 3 of its levels.

You collected 125 gold pieces.

Inventory:

Hand Weapons
 a - a +0 quarterstaff (weapon)
Missiles
 d - 3 throwing nets (quivered)
Armour
 b - a +0 leather armour (worn)
 c - a +0 helmet (worn)
 k - a +0 plate armour
 m - a +1 pair of gloves (worn)
Jewellery
 f - an uncursed ring of ice
 h - a +4 ring of evasion (left hand)
Scrolls
 j - a scroll of amnesia {unknown}
 l - 5 scrolls of identify {unknown}
 o - a scroll of teleportation {unknown}
Potions
 g - 2 potions of lignification
 i - a potion of flight
Comestibles
 e - 7 rations
 p - 2 chunks of flesh


   Skills:
 + Level 3.3 Fighting
 * Level 4.5 Staves
 - Level 1.7 Throwing
 - Level 2.6 Dodging


You had 3 spell levels left.
You didn't know any spells.
Your spell library was empty.

Dungeon Overview and Level Annotations

Branches:
Dungeon (3/15)

Altars:


Innate Abilities, Weirdness & Mutations

You regenerate a little health from kills.


Message History

The dart slug launches a dart at you. The slug dart misses you.
Something hits you.
* * * LOW HITPOINT WARNING * * *
You convulse.
* * * LOW HITPOINT WARNING * * *
You bump into the rock wall.
Something hits you but does no damage.
The dart slug bites you but does no damage.
You hit the dart slug but do no damage.
The dart slug is almost dead.
Something barely misses you. The dart slug misses you.
You hear some strange, mumbled words.
You are more confused.
The dart slug misses you.
You hit the dart slug.
The dart slug is almost dead.
Something closely misses you. Something hits you.
* * * LOW HITPOINT WARNING * * *
You convulse.
You die...

▒b≈▒ #. ####### #...#
### ≈≈≈≈≈≈
#.###.....##
##..###.. w.≈≈≈≈.
#.#........# #...##.#
.≈≈≈≈▒. #.#.#......#
##..##.#
≈≈▒≈≈..###.#.#......#
#)..#.#
w≈≈.#...............#
#...#.#
≈≈##........).......#
####..#.#
.......)........#
#.....#.#
#......###.w@...###
#...#...# #......
#.{......###...#...#
#.##.w.
####.....#.........#
. .....
#.....#.#...##.>#
......
#.....#.#######.#
.....#. ###.###.# #.#
.....#. #.....# #.#
#.....# .# #.....#


You could see a dart slug.

Vanquished Creatures
  An orc wizard (D:3)
  2 adders (D:2)
  A gnoll (D:1)
  3 oozes (D:2)
  2 worms (D:2)
  7 dart slugs
  2 leopard geckos
  2 orcs (D:3)
  4 bats
  A giant cockroach (D:1)
  5 goblins
  6 hobgoblins
  2 jackals (D:2)
  A quokka (D:2)
  A ball python (D:2)
  3 frilled lizards
  5 kobolds (D:2)
  4 rats
52 creatures vanquished.

Notes
Turn   | Place    | Note
-------+----------+-------------------------------------------
     0 | D:1      | silenth the Demonspawn Gladiator began the quest for the
                  | Orb.
     0 | D:1      | Reached XP level 1. HP: 16/16 MP: 1/1
    63 | D:1      | Reached skill level 3 in Staves
    67 | D:1      | Gained mutation: You regenerate a little health from kills.
                  | [demonic ancestry]
    67 | D:1      | Reached XP level 2. HP: 6/22 MP: 2/2
   528 | D:1      | Reached XP level 3. HP: 28/28 MP: 3/3
   828 | D:2      | HP: 2/28 [rat (2)]
  1336 | D:2      | Reached skill level 4 in Staves
  1336 | D:2      | Reached XP level 4. HP: 20/34 MP: 4/4
  1688 | D:2      | Reached skill level 3 in Fighting
  2730 | D:3      | HP: 3/35 [something (1)]
  2734 | D:3      | HP: 1/35 [something (2)]
  2734 | D:3      | Slain by an orc wizard

Levels and vault maps discovered:
D:1:      minmay_arrival_four_loops, layout_rooms
D:2:      layout_basic, first_ration, supply_closet_lemuel
D:3:      kennysheep_slugbush, layout_basic, uniq_natasha, uniq_jessica

Skill      XL: |  1  2  3  4 |
---------------+-------------+-----
Staves         | 3 4 |  4.5
Fighting       | 3 |  3.3
Throwing       | |  1.7
Dodging        | |  2.6

Action                   |  1- 3 |  4- 6 || total
-------------------------+-------+-------++-------
Melee: Quarterstaff      |    88 |   113 ||   201
Throw: Throwing net      |     1 |       ||     1
  Use: Scroll            |     1 |       ||     1
       Potion            |       |     3 ||     3
 Stab: Sleeping          |     1 |       ||     1
  Eat: Chunk             |     1 |     5 ||     6
Armor: Leather armour    |    12 |    21 ||    33
       Skin              |       |    52 ||    52
Dodge: Dodged            |    45 |    84 ||   129

Table legend:
 A = Non-vault XP
 B = Vault XP
 C = Vault XP percentage of total XP
 D = Non-vault monster count
 E = Vault monster count
 F = Vault count percentage of total count
                 A         B        C        D         E       F
            +---------+---------+-------+---------+---------+-------
      Total |     176 |       8 |   4.3 |      50 |       2 |   3.8
            +---------+---------+-------+---------+---------+-------
        D:1 |      43 |       0 |   0.0 |      15 |       0 |   0.0
        D:2 |     101 |       0 |   0.0 |      30 |       0 |   0.0
        D:3 |      32 |       8 |  20.0 |       5 |       2 |  28.6
            +---------+---------+-------+---------+---------+-------
